 Dungeon Crawl Stone Soup version 0.29-a0-298-g3c90f9a769 (console) character file.

Game seed: 9705151620268646481

3232 Ignak the Thaumaturge (level 9, -1/66 HPs)
             Began as a Gnoll Hedge Wizard on Mar 23, 2022.
             Was an Initiate of Sif Muna.
             Slain by a warg (8 damage)
             ... on level 8 of the Dungeon.
             The game lasted 00:21:27 (9365 turns).

Ignak the Thaumaturge (Gnoll Hedge Wizard)          Turns: 9365, Time: 00:21:28

Health: -1/66      AC: 13    Str: 10    XL:     9   Next: 98%
Magic:  11/30      EV: 28    Int: 18    God:    Sif Muna [......]
Gold:   628        SH:  0    Dex:  9    Spells: 4/25 levels left

rFire   . . .      SeeInvis .   x - +1 falchion (holy)
rCold   + . .      Faith    .   (no shield)
rNeg    . . .      Spirit   .   p - +3 leather armour {rC+}
rPois   .          Reflect  .   j - +0 helmet
rElec   .          Harm     .   (no cloak)
rCorr   .          Rampage  .   t - +0 pair of gloves
Will    .....                   (no boots)
Stlth   +++.......              s - amulet of the acrobat
HPRegen 0.21/turn               h - +4 ring of protection
MPRegen 0.22/turn               g - ring of magical power

@: lethally poisoned (-1 -> -4), acrobatic, very slightly contaminated, studying
Long Blades
A: fangs 1, strong nose, distributed training, clumsy 1
a: Renounce Religion


You were on level 8 of the Dungeon.
You worshipped Sif Muna.
Sif Muna was noncommittal.
You visited 2 branches of the dungeon, and saw 9 of its levels.

You collected 628 gold pieces.

Inventory:

Hand Weapons
 a - a +1 vorpal dire flail
 o - a +1 mace of protection
 w - a +2 whip of flaming
 x - a +1 falchion of holy wrath (weapon)
 y - a +0 long sword
Missiles
 v - 10 poisoned darts (quivered)
Armour
 c - a +0 hat
 j - a +0 helmet (worn)
 p - a +3 leather armour of cold resistance (worn)
 t - a +0 pair of gloves (worn)
Jewellery
 b - a ring of flight
 g - a ring of magical power (right hand)
 h - a +4 ring of protection (left hand)
 s - an amulet of the acrobat (around neck)
 u - a ring of ice
Wands
 e - a wand of flame (12)
 q - a wand of paralysis (10)
 A - a wand of acid (5)
Scrolls
 m - 2 scrolls of teleportation
 n - a scroll of blinking
 r - 5 scrolls of identify
Potions
 d - 2 potions of magic
 f - a potion of resistance
 i - 2 potions of curing
 k - a potion of flight
 l - 2 potions of haste


   Skills:
 + Level 4.7 Fighting
 + Level 4.7 Short Blades
 + Level 6.1 Long Blades
 + Level 4.7 Axes
 + Level 4.7 Maces & Flails
 + Level 4.7 Polearms
 + Level 4.7 Staves
 + Level 4.7 Slings
 + Level 4.7 Bows
 + Level 4.7 Crossbows
 + Level 4.7 Throwing
 + Level 4.7 Armour
 + Level 6.7 Dodging
 + Level 6.4 Stealth
 + Level 4.7 Shields
 + Level 4.7 Unarmed Combat
 + Level 8.7 Spellcasting
 + Level 4.5 Conjurations
 + Level 3.9 Hexes
 + Level 4.5 Summonings
 + Level 3.9 Necromancy
 + Level 4.5 Translocations
 + Level 3.9 Transmutations
 + Level 3.9 Fire Magic
 + Level 3.9 Ice Magic
 + Level 3.9 Air Magic
 + Level 3.9 Earth Magic
 + Level 3.9 Poison Magic
 + Level 5.2 Invocations
 + Level 4.7 Evocations


You had 4 spell levels left.
You knew the following spells:

 Your Spells              Type           Power      Damage    Failure   Level
a - Sting                 Tmut/Pois      88%        1d7       2%          1
b - Blink                 Tloc           48%        N/A       2%          2
c - Slow                  Hex            88%        N/A       2%          1
d - Mephitic Cloud        Conj/Pois/Air  22%        N/A       6%          3
e - Call Imp              Summ           24%        N/A       2%          2
f - Airstrike             Air            11%        N/A       24%         4
g - Magic Dart            Conj           96%        1d7       1%          1
r - Swiftness             Air            22%        N/A       7%          3
z - Olgreb's Toxic Radia  Pois           22%        N/A       24%         4

Your spell library contained the following spells:

 Spells                   Type           Power      Damage    Failure   Level
 Shock                    Conj/Air       92%        1d8       1%          1
 Poisonous Vapours        Pois/Air       44%        N/A       3%          2
 Call Canine Familiar     Summ           24%        N/A       5%          3
 Conjure Flame            Conj/Fire      23%        6-21      6%          3
 Portal Projectile        Hex/Tloc       46%        N/A       6%          3
 Leda's Liquefaction      Hex/Erth       11%        N/A       24%         4


Dungeon Overview and Level Annotations

Branches:
Dungeon (8/15)             Temple (1/1) D:7
   Lair: D:8-11

Altars:
Cheibriados
Dithmenos
Elyvilon
Gozag
Kikubaaqudgha
Makhleb
Qazlal
Ru
Sif Muna
Trog
Uskayaw
Wu Jian
Xom
Zin
The Shining One


Innate Abilities, Weirdness & Mutations

You have very sharp teeth.
Your uncanny sense of smell can sniff out nearby items.
Your experience applies equally to all skills.
You are clumsy. (Dex -2)


Message History

Your shadow imp completely misses the warg.
You hit the warg. Your bite misses the warg.
The warg is lightly wounded.
The warg barely misses you.
The orc priest calls upon Beogh to heal the orc warrior.
The orc warrior is healed somewhat.
Your shadow imp hits the warg.
You barely miss the warg.
The warg is lightly wounded.
The warg bites you.
An orc wizard comes into view. It is wielding a +0 dagger.
Your shadow imp misses the warg.
The warg barely misses you. The warg completely misses you.
Your shadow imp barely misses the warg.
Casting: Call Imp (safe; 2% risk of failure)
Confirm with . or Enter, or press ? or * to list all spells.
You miscast Olgreb's Toxic Radiance.
You feel incredibly sick!
You are poisoned.
You feel sick. The warg bites you!
Your shadow imp misses the warg.
Unknown command.
Unknown command.
Unknown command.
Casting: Olgreb's Toxic Radiance (dangerous; 24% risk of failure)
Confirm with . or Enter, or press ? or * to list all spells.
You begin to radiate toxic energy.
The orc wizard is poisoned.
The orc priest is poisoned.
The orc is poisoned.
The orc wizard looks even sicker.
The orc warrior looks even sicker.
You feel sick. The warg barely misses you.
The orc priest calls down the wrath of Beogh upon you.
Pain shoots through your body!
* * * LOW HITPOINT WARNING * * *
The orc warrior hits you with a +0 short sword.
* * * LOW HITPOINT WARNING * * *
Your shadow imp closely misses the warg.
Unknown command.
The orc wizard looks even sicker.
You kill the orc priest!
Sif Muna accepts your kill.
The orc looks even sicker.
The orc warrior looks even sicker.
Your toxic aura wanes.
You feel sick. The warg bites you!
You die... .ho

............ ..yo
#........... ....o
#...........
#....o####...........
......).†...o........
..##+#####..........)
#.o5........
#)oh........
#..@........
#...........
#...).......
#.....###### #.....#
#.....# #.....#
#.....# #.....#######


You could see a warg (ally target), an orc warrior (very poisoned), an orc
wizard (very poisoned), an orc (very poisoned) and a friendly shadow imp
(summoned).

Vanquished Creatures
  A two-headed ogre (D:6)
  A vampire (D:6)
  A steam dragon (D:7)
  Edmund (D:4)
  3 water moccasins
  A sky beast (D:8)
  An ice beast (D:7)
  A centaur (D:8)
  An ogre (D:6)
  A phantom (D:5)
  Blork the orc (D:4)
  4 bullfrogs
  3 scorpions
  3 wights
  4 killer bees (D:8)
  2 hounds
  A gnoll shaman (D:7)
  3 orc priests
  A jelly (D:5)
  6 iguanas
  5 orc wizards
  Terence (D:3)
  2 gnolls (D:7)
  8 adders
  A shadow imp (D:5)
  A white imp (D:5)
  2 worms (D:3)
  19 orcs
  4 bats
  9 endoplasms
  3 giant cockroaches
  6 goblins
  4 hobgoblins
  3 jackals (D:5)
  3 quokkas (D:3)
  7 ball pythons
  6 frilled lizards
  10 kobolds
  9 rats
143 creatures vanquished.

Vanquished Creatures (collateral kills)
  A gnoll (D:7)
  4 orcs
  An endoplasm (D:3)
  A ball python (D:3)
7 creatures vanquished.

Grand Total: 150 creatures vanquished

Notes
Turn   | Place    | Note
-------+----------+-------------------------------------------
     0 | D:1      | Ignak the Gnoll Hedge Wizard began the quest for the Orb.
     0 | D:1      | Reached XP level 1. HP: 13/13 MP: 8/8
   123 | D:1      | Learned a level 1 spell: Sting
   125 | D:1      | Learned a level 1 spell: Slow
   296 | D:1      | Reached XP level 2. HP: 19/19 MP: 8/10
   299 | D:1      | Learned a level 2 spell: Blink
   302 | D:1      | Learned a level 2 spell: Call Imp
   436 | D:1      | Found a faded altar of an unknown god.
   785 | D:2      | Found a shadowy altar of Dithmenos.
   819 | D:2      | Reached XP level 3. HP: 25/25 MP: 7/11
   938 | D:2      | Reached skill level 1 in Invocations
  1462 | D:3      | Found an ornate altar of the Wu Jian Council.
  1526 | D:3      | Reached skill level 1 in Fighting
  1526 | D:3      | Reached skill level 1 in Short Blades
  1526 | D:3      | Reached skill level 1 in Long Blades
  1526 | D:3      | Reached skill level 1 in Axes
  1526 | D:3      | Reached skill level 1 in Maces & Flails
  1526 | D:3      | Reached skill level 1 in Polearms
  1526 | D:3      | Reached skill level 1 in Staves
  1526 | D:3      | Reached skill level 1 in Slings
  1526 | D:3      | Reached skill level 1 in Bows
  1526 | D:3      | Reached skill level 1 in Crossbows
  1526 | D:3      | Reached skill level 1 in Throwing
  1526 | D:3      | Reached skill level 1 in Armour
  1526 | D:3      | Reached skill level 1 in Shields
  1526 | D:3      | Reached skill level 1 in Unarmed Combat
  1526 | D:3      | Reached skill level 1 in Evocations
  1585 | D:3      | Noticed Terence
  1591 | D:3      | Learned a level 3 spell: Mephitic Cloud
  1601 | D:3      | Killed Terence
  1602 | D:3      | Reached XP level 4. HP: 32/32 MP: 12/13
  1803 | D:3      | Found a burning altar of Makhleb.
  2104 | D:4      | Learned a level 4 spell: Olgreb's Toxic Radiance
  2107 | D:4      | Noticed Blork the orc
  2112 | D:4      | Noticed a scorpion
  2124 | D:4      | Killed Blork the orc
  2125 | D:4      | Reached skill level 1 in Hexes
  2125 | D:4      | Reached skill level 1 in Necromancy
  2125 | D:4      | Reached skill level 1 in Transmutations
  2125 | D:4      | Reached skill level 1 in Fire Magic
  2125 | D:4      | Reached skill level 1 in Ice Magic
  2125 | D:4      | Reached skill level 1 in Air Magic
  2125 | D:4      | Reached skill level 1 in Earth Magic
  2125 | D:4      | Reached skill level 1 in Poison Magic
  2125 | D:4      | Reached XP level 5. HP: 37/37 MP: 14/14
  2478 | D:3      | Reached XP level 6. HP: 38/44 MP: 16/16
  3208 | D:3      | Reached skill level 5 in Dodging
  3296 | D:4      | Learned a level 3 spell: Swiftness
  3326 | D:4      | Found a snail-covered altar of Cheibriados.
  3974 | D:4      | Noticed Edmund
  4016 | D:5      | Entered Level 5 of the Dungeon
  4069 | D:4      | Killed Edmund
  4070 | D:4      | Reached XP level 7. HP: 51/51 MP: 18/18
  5188 | D:5      | Reached skill level 5 in Stealth
  5388 | D:5      | Found a stormy altar of Qazlal.
  5393 | D:5      | Reached XP level 8. HP: 57/57 MP: 19/19
  5803 | D:5      | Found a white marble altar of Elyvilon.
  6311 | D:6      | Found a glowing golden altar of the Shining One.
  6447 | D:6      | Noticed a two-headed ogre
  6449 | D:6      | Found an ancient bone altar of Kikubaaqudgha.
  6460 | D:6      | Killed a two-headed ogre
  6461 | D:6      | Reached skill level 8 in Spellcasting
  6461 | D:6      | Reached XP level 9. HP: 9/65 MP: 21/21
  7048 | D:6      | Found a sacrificial altar of Ru.
  7372 | D:7      | Learned a level 4 spell: Airstrike
  7479 | D:7      | Reached skill level 5 in Long Blades
  7592 | D:7      | Found a shimmering altar of Xom.
  8720 | D:7      | Found a staircase to the Ecumenical Temple.
  8783 | Temple   | Entered the Ecumenical Temple
  8795 | Temple   | Became a worshipper of Sif Muna the Loreminder
  9141 | D:8      | Reached skill level 5 in Invocations
  9345 | D:8      | Gained mutation: You are clumsy. (Dex -2) [potion of
                  | mutation]
  9365 | D:8      | Slain by a warg

Illustrated notes

Levels and vault maps discovered:
D:1:      amcnicky_arrival_abandoned_market, layout_rooms,
          hellmonk_ecumenical_altar_inner_sanctum
D:2:      cheibrodos_old_hovel, layout_rooms, basic_altar
D:3:      minmay_octagon_keep, layout_loops_ring,
          mainiacjoe_overflow_small_starburst, nicolae_overflow_hidden_temple,
          kennysheep_generic_room_14, uniq_terence
D:4:      layout_layer_cave, mainiacjoe_overflow_concentric_impassable,
          uniq_edmund, uniq_blork_the_orc
D:5:      layout_basic, nicolae_elyvilon_temple_path, amcnicky_altar_gilded,
          minmay_misc_feat_alley, small_statue_intersection
D:6:      layout_cave_pods, mainiacjoe_overflow_catwalk,
          nicolae_tso_swordbearing_angel, nicolae_ru_great_annihilating_truth
D:7:      layout_cave_pools, xom_butterflies, minmay_temple_entry_poolview
D:8:      layout_gridville, fiery_altar_vehumet, erik_lair_orcish_takeover
Temple:   dpeg_three_leaves_temple

Skill      XL: |  1  2  3  4  5  6  7  8  9 |
---------------+----------------------------+-----
Conjurations   | 2 3 4 |  4.5
Summonings     | 2 3 4 |  4.5
Translocations | 2 3 4 |  4.5
Invocations    | 1 2 3 4 5 |  5.2
Fighting       | 1 2 3 4 |  4.7
Short Blades   | 1 2 3 4 |  4.7
Long Blades    | 1 2 4 6 |  6.1
Axes           | 1 2 3 4 |  4.7
Maces & Flails | 1 2 3 4 |  4.7
Polearms       | 1 2 3 4 |  4.7
Staves         | 1 2 3 4 |  4.7
Slings         | 1 2 3 4 |  4.7
Bows           | 1 2 3 4 |  4.7
Crossbows      | 1 2 3 4 |  4.7
Throwing       | 1 2 3 4 |  4.7
Armour         | 1 2 3 4 |  4.7
Shields        | 1 2 3 4 |  4.7
Unarmed Combat | 1 2 3 4 |  4.7
Evocations     | 1 2 3 4 |  4.7
Hexes          | 1 2 3 |  3.9
Necromancy     | 1 2 3 |  3.9
Transmutations | 1 2 3 |  3.9
Fire Magic     | 1 2 3 |  3.9
Ice Magic      | 1 2 3 |  3.9
Air Magic      | 1 2 3 |  3.9
Earth Magic    | 1 2 3 |  3.9
Poison Magic   | 1 2 3 |  3.9
Dodging        | 5 6 |  6.7
Stealth        | 5 6 |  6.4
Spellcasting   | 8 |  8.7

Action                   |  1- 3 |  4- 6 |  7- 9 || total
-------------------------+-------+-------+-------++-------
Melee: Mace              |    47 |   211 |    12 ||   270
       Bite              |     4 |    23 |    32 ||    59
       Punch             |       |     4 |       ||     4
       Dire flail        |       |       |   247 ||   247
       Falchion          |       |       |     8 ||     8
Throw: Dart              |       |     1 |       ||     1
 Cast: Sting             |    30 |     3 |       ||    33
       Magic Dart        |     3 |       |     1 ||     4
       Mephitic Cloud    |     1 |     8 |    14 ||    23
       Call Imp          |     1 |     4 |     8 ||    13
       Olgreb's Toxic Ra |       |     1 |     4 ||     5
       Slow              |       |       |     9 ||     9
       Blink             |       |       |     7 ||     7
Evoke: Wand              |       |       |     4 ||     4
  Use: Potion            |     4 |     3 |     3 ||    10
       Scroll            |     4 |     2 |     2 ||     8
 Stab: Sleeping          |     4 |     2 |     5 ||    11
       Confused          |     1 |     4 |     4 ||     9
       Paralysed         |       |       |     9 ||     9
Armor: Robe              |    21 |    72 |       ||    93
       Leather armour    |       |       |   107 ||   107
Dodge: Dodged            |    48 |   139 |   227 ||   414

Table legend: (Time is in decaauts)
 A = Elapsed time spent in this place.
 B = Non-inter-level travel time spent in this place.
 C = Inter-level travel time spent in this place.
 D = Time resting spent in this place.
 E = Time spent auto-exploring this place.
 F = Levels seen in this place.
 G = Mean time per level.
                   A        B        C        D        E       F      G
               +--------+--------+--------+--------+--------+-----+--------+
         Total |   9480 |   9131 |    349 |   2283 |   4436 |   9 | 1053.3 |
       Dungeon |   9455 |   9106 |    349 |   2283 |   4434 |   8 | 1181.9 |
        Temple |     24 |     24 |      0 |      0 |      2 |   1 |   24.0 |
               +--------+--------+--------+--------+--------+-----+--------+

Top non-repeatable levels by time:
     D:3: 1940 daAuts
     D:4: 1797 daAuts
     D:6: 1751 daAuts
     D:7: 1451 daAuts
     D:5: 1117 daAuts
     D:1: 766 daAuts
     D:2: 485 daAuts
     D:8: 145 daAuts
  Temple: 24 daAuts
